 Dungeon Crawl Stone Soup version 0.26.1-2-gb8aa6d0cf2 (webtiles) character file.

Game seed: 6211827318023685759

15810 DearestLeader the Impaler (level 12, -13/86 HPs)
             Began as a Merfolk Ice Elementalist on Mar 22, 2021.
             Was an Elder of Vehumet.
             Hit by a silver javelin thrown by a minotaur (15 damage)
             ... in a Gauntlet.
             The game lasted 00:31:28 (16152 turns).

DearestLeader the Impaler (MfIE)                   Turns: 16152, Time: 00:31:29

Health: -13/86     AC: 14    Str:  9    XL:     12   Next: 30%
Magic:  6/16       EV: 17    Int: 22    God:    Vehumet [****..]
Gold:   557        SH:  0    Dex: 14    Spells: 6/17 levels left

rFire    + . .     SeeInvis .   K - +5 scythe "Finisher" {speed, eviscerate}
rCold    . . .     Faith    .   (shield currently unavailable)
rNeg     . . .     Spirit   .   e - +2 robe {rF+}
rPois    .         Reflect  .   T - +1 helmet {Int+3}
rElec    .         Harm     .   (no cloak)
rCorr    .         Rampage  .   y - +1 pair of gloves
Will     .....     NoTele   +   A - +1 pair of boots
Stlth    ++........             (no amulet)
HPRegen  0.24/turn              f - ring of wizardry
MPRegen  0.15/turn              F - +4 ring of protection

@: no status effects
A: change form in water, swift swim, stealthy swim
a: Renounce Religion


You were in a Gauntlet.
You worshipped Vehumet.
Vehumet was greatly pleased with you.
You visited 3 branches of the dungeon, and saw 13 of its levels.
You also visited: Sewer and Gauntlet.

You collected 557 gold pieces.

Inventory:

Hand Weapons
 n - a +0 hunting sling
 z - a +1 glaive
 C - a cursed +0 whip
 G - a +0 trident
 K - the +5 scythe "Finisher" (weapon) {speed, eviscerate}
   (You found it on level 8 of the Dungeon)

   Attacks with this weapon are significantly faster.
Missiles
 l - 15 javelins (quivered)
 o - 375 stones
 v - 34 poisoned darts
Armour
 e - a +2 robe of fire resistance (worn)
 r - a +0 helmet
 s - a +0 leather armour
 y - a +1 pair of gloves (worn)
 A - a +1 pair of boots (worn)
 T - a +1 helmet of intelligence (worn)
Jewellery
 f - a ring of wizardry (left hand)
 w - an uncursed ring of flight
 F - a +4 ring of protection (right hand)
 U - an uncursed ring of protection from cold
Wands
 u - a wand of acid (30)
 E - a wand of random effects (47)
 M - a wand of disintegration (17)
 O - a wand of iceblast (9)
 R - a wand of enslavement (13)
Scrolls
 c - 4 scrolls of remove curse
 h - 4 scrolls of immolation
 j - 3 scrolls of teleportation
 k - 2 scrolls of fog
 q - 2 scrolls of enchant weapon
 t - 4 scrolls of blinking
 H - 2 scrolls of fear
 J - a scroll of silence {unknown}
 S - a scroll of acquirement {unknown}
Potions
 a - a potion of cancellation {unknown}
 b - 3 potions of ambrosia {unknown}
 d - 5 potions of attraction {unknown}
 g - 2 potions of mutation {unknown}
 i - 2 potions of heal wounds {unknown}
 m - a potion of might {unknown}
 p - 2 potions of curing
 x - 3 potions of berserk rage
 B - 11 potions of flight {unknown}
 D - 2 potions of brilliance {unknown}
 I - a potion of lignification {unknown}
 L - a potion of invisibility {unknown}
 N - a potion of resistance {unknown}
 P - a potion of degeneration {unknown}
 Q - 2 potions of haste


   Skills:
 - Level 5.0 Fighting
 * Level 20.6 Polearms
 + Level 7.6 Dodging
 - Level 2.1 Stealth
 - Level 3.0 Spellcasting
 - Level 10.0 Ice Magic


You had 6 spell levels left.
You knew the following spells:

 Your Spells              Type           Power        Failure   Level
a - Freeze                Ice            100%         1%          1
b - Frozen Ramparts       Ice            94%          1%          3
c - Ozocubu's Armour      Ice            47%          1%          3
d - Summon Ice Beast      Ice/Summ       25%          6%          4

Your spell library contained the following spells:

 Spells                   Type           Power        Failure   Level
 Olgreb's Toxic Radiance  Pois           3%           13%         4
 Magic Dart               Conj           12%          1%          1
 Shock                    Conj/Air       12%          1%          1
 Hailstorm                Conj/Ice       25%          1%          4
 Searing Ray              Conj           6%           2%          2
 Dazzling Flash           Conj/Hex       6%           4%          3
 Static Discharge         Conj/Air       3%           4%          3
 Swiftness                Air            3%           8%          2
 Airstrike                Air            1%           13%         4
 Fulminant Prism          Conj/Hex       1%           13%         4
 Iskenderun's Mystic Bla  Conj/Tloc      3%           13%         4
 Confusing Touch          Hex            3%           16%         3
 Gell's Gravitas          Tloc           1%           16%         3
 Metabolic Englaciation   Hex/Ice        12%          17%         5
 Lightning Bolt           Conj/Air       1%           32%         5
 Yara's Violent Unravell  Hex/Tmut       1%           32%         5
 Petrify                  Tmut/Erth      3%           43%         4


Dungeon Overview and Level Annotations

Branches:
Dungeon (11/15)            Temple (1/1) D:5            Lair (1/6) D:8
    Orc (0/2) D:11          Sewer (visited)         Gauntlet (1/1)

Altars:
Ashenzari
Cheibriados
Dithmenos
Elyvilon
Fedhas
Gozag
Hepliaklqana
Kikubaaqudgha
Makhleb
Nemelex Xobeh
Okawaru
Qazlal
Ru
Sif Muna
Trog
Uskayaw
Vehumet
Wu Jian
Xom
Yredelemnul
Zin
The Shining One
Jiyva

Annotations:
D:7 3 runed translucent doors, gnacko's ghost, novice HOMo
D:9 3 runed translucent doors, Tinylith's ghost, novice DDHu
D:11 1 runed translucent door, OdinFK's ghost, journeyman VSNe Gauntlet 7 transporters


Message History

The minotaur throws a silver javelin.
The silver javelin completely misses your ice beast.
The silver javelin completely misses you.
Your ice beast barely misses the minotaur.
The minotaur throws a silver javelin.
The silver javelin closely misses your ice beast.
The silver javelin pierces through you!
Your ice beast hits the minotaur but does no damage.
The minotaur bellows!
The minotaur throws a silver javelin.
The silver javelin barely misses you.
You see here a silver javelin.
The minotaur throws a silver javelin.
The silver javelin pierces through you!!
* * * LOW HITPOINT WARNING * * *
x2
Found a colourful robe.
Found a gate leading back out of this place.
You see here a silver javelin.
There is an open door here.
The minotaur throws a silver javelin.
The silver javelin pierces through you!
You die...

##...#≈≈≈#
8#...#...##. ..
©#.8.#...... #.#
8#.⌠.#.8.##. #..
##.8.#.©.##....#
##...#.8....##.#
.#...#.©.##.##..
.#.8.#.8.##....######
##.∩.#(©....##.'@..∩#
##.8.#.8.##.##(######
.#...#.©H##...(# ##..
##...#.8..H.##.##....#
##.8.#.©.##.##....#
8#.⌠.#.8.##....##.#
©#.8.#......##.# ..
8#...#...##.##.(. ##
##...#≈≈≈#########


You could see a minotaur.

Vanquished Creatures
  Snorg (D:10)
  Nergalle (D:11)
  A fire crab (shapeshifter) (D:10)
  Psyche (D:10)
  A centaur zombie (D:10)
  An ice statue (Gauntlet)
  A rust devil (Gauntlet)
  A gargoyle (D:11)
  A rime drake (Gauntlet)
  A kobold demonologist (D:11)
  A troll (D:11)
  3 blink frogs (Lair:1)
  Grinder (Sewer)
  19 yaks
  Sigmund (D:2)
  A ynoxinul (Gauntlet)
  5 wraiths (D:8)
  5 wyverns
  A nameless horror (D:7)
  A steam dragon (Lair:1)
  7 water moccasins
  An acid dragon (Gauntlet)
  3 orc warriors
  3 ice beasts
  2 phantoms
  2 black bears
  2 necrophages
  2 ogres
  7 centaurs
  2 big kobolds (D:11)
  3 bullfrogs
  4 scorpions
  4 killer bees (D:10)
  7 electric eels (D:10)
  2 wights (Sewer)
  2 howler monkeys (D:10)
  A vampire bat (D:11)
  3 iron imps (Gauntlet)
  3 jellies
  3 hounds
  13 orc wizards
  2 centaur skeletons
  6 orc priests
  A bullfrog skeleton (D:5)
  Jessica (D:2)
  An iguana (D:8)
  12 worker ants
  Terence (D:2)
  4 big kobold zombies (Sewer)
  A hound zombie (D:4)
  A hound skeleton (D:5)
  2 worker ant zombies
  2 howler monkey zombies
  Robin (D:3)
  10 gnolls
  8 adders
  3 shadow imps (Sewer)
  3 white imps
  4 ufetubi
  An ooze (D:3)
  2 adder zombies (Sewer)
  10 worms
  A dart slug (D:4)
  47 orcs
  A bat zombie (D:1)
  2 giant cockroaches
  17 goblins
  9 hobgoblins
  15 jackals
  34 kobolds
  2 quokkas (D:3)
  4 ball pythons
  16 bats
  4 frilled lizards
  A giant cockroach zombie (D:1)
  A kobold zombie (Sewer)
  2 leopard gecko zombies
  13 rats
369 creatures vanquished.

Vanquished Creatures (collateral kills)
  An oklob plant (Gauntlet)
  An acid dragon (Gauntlet)
  A water moccasin (D:8)
  A black bear (D:8)
  A jelly (D:8)
  An orc wizard (D:8)
  A worker ant (D:7)
  An adder (D:8)
  A quokka (D:8)
9 creatures vanquished.

Vanquished Creatures (others)
  A bush (D:8)
  6 fungi (D:8)
  20 plants (D:8)
27 creatures vanquished.

Grand Total: 405 creatures vanquished

Notes
Turn   | Place    | Note
-------+----------+-------------------------------------------
     0 | D:1      | DearestLeader the Merfolk Ice Elementalist began the quest
                  | for the Orb.
     0 | D:1      | Reached XP level 1. HP: 13/13 MP: 3/3
   905 | D:1      | Reached XP level 2. HP: 19/19 MP: 1/5
  1379 | D:2      | Reached skill level 5 in Ice Magic
  1479 | D:2      | Reached XP level 3. HP: 24/24 MP: 1/6
  1503 | D:2      | Learned a level 3 spell: Frozen Ramparts
  1538 | D:2      | Noticed Sigmund
  1797 | D:3      | Reached XP level 4. HP: 24/30 MP: 3/7
  2205 | D:3      | Noticed Robin
  2217 | D:3      | Killed Robin
  2218 | D:3      | Reached XP level 5. HP: 29/35 MP: 2/8
  3214 | D:2      | Killed Sigmund
  3215 | D:2      | Reached XP level 6. HP: 19/41 MP: 0/9
  3519 | D:2      | Noticed Jessica
  3529 | D:2      | Killed Jessica
  4036 | D:2      | Noticed Terence
  4045 | D:2      | Killed Terence
  4046 | D:2      | Reached XP level 7. HP: 44/47 MP: 6/10
  4462 | D:2      | Learned a level 3 spell: Ozocubu's Armour
  4544 | D:4      | Reached skill level 1 in Fighting
  4605 | D:4      | Reached skill level 1 in Polearms
  5010 | D:4      | Reached skill level 2 in Polearms
  5171 | D:4      | Reached skill level 3 in Polearms
  5513 | D:5      | Entered Level 5 of the Dungeon
  5663 | D:5      | Found a glowing drain.
  5673 | Sewer    | Entered a sewer
  5878 | Sewer    | Reached XP level 8. HP: 53/56 MP: 6/12
  5887 | Sewer    | Reached skill level 4 in Polearms
  5892 | Sewer    | Learned a level 4 spell: Summon Ice Beast
  6117 | Sewer    | Found an ancient bone altar of Kikubaaqudgha.
  6255 | Sewer    | Noticed Grinder
  6284 | Sewer    | Paralysed by Grinder for 6 turns
  6307 | Sewer    | Killed Grinder
  6308 | Sewer    | Reached skill level 5 in Polearms
  6605 | Sewer    | Reached skill level 6 in Polearms
  6863 | D:5      | Found an iron altar of Okawaru.
  7443 | D:5      | Found a staircase to the Ecumenical Temple.
  7454 | Temple   | Entered the Ecumenical Temple
  7471 | Temple   | Became a worshipper of Vehumet
  7576 | D:6      | Reached skill level 7 in Polearms
  8096 | D:6      | Reached skill level 10 in Ice Magic
  8414 | D:7      | Reached skill level 8 in Polearms
  8414 | D:7      | Reached XP level 9. HP: 44/65 MP: 8/13
  8792 | D:7      | Noticed a nameless horror
  9293 | D:7      | Found a runed translucent gate.
  9293 | D:7      | Found a runed translucent gate.
  9335 | D:7      | Found an opulent altar of Gozag.
  9337 | D:7      | Found a runed translucent gate.
  9338 | D:7      | Noticed gnacko's ghost (novice HOMo)
  9339 | D:7      | Noticed a hornet
  9392 | D:7      | Killed a nameless horror
  9508 | D:7      | Reached * piety under Vehumet
  9508 | D:7      | Offered knowledge of Foxfire by Vehumet.
  9612 | D:7      | Found a hide-covered altar of Uskayaw.
  9758 | D:8      | Reached skill level 9 in Polearms
  9834 | D:8      | Reached skill level 5 in Fighting
  9838 | D:8      | Reached skill level 10 in Polearms
 10187 | D:8      | Reached skill level 11 in Polearms
 10231 | D:8      | Reached skill level 12 in Polearms
 10327 | D:8      | Reached XP level 10. HP: 66/74 MP: 2/14
 10351 | D:8      | Reached ** piety under Vehumet
 10357 | D:8      | Offered knowledge of Sandblast by Vehumet.
 10358 | D:8      | Reached skill level 5 in Dodging
 10362 | D:8      | Reached skill level 13 in Polearms
 10695 | D:8      | Found a staircase to the Lair.
 10712 | D:8      | Reached skill level 14 in Polearms
 10912 | D:8      | Offered knowledge of Mephitic Cloud by Vehumet.
 11120 | D:8      | Found the +5 scythe "Finisher" {speed, eviscerate}
 11127 | D:8      | Reached skill level 15 in Polearms
 11352 | D:9      | Found an opulent altar of Gozag.
 11390 | D:9      | Reached skill level 16 in Polearms
 11433 | D:9      | Reached *** piety under Vehumet
 11456 | D:9      | Found a hazy altar of Hepliaklqana.
 11554 | D:9      | Found a runed translucent gate.
 11555 | D:9      | Found a runed translucent gate.
 11555 | D:9      | Found a runed translucent gate.
 11555 | D:9      | Noticed Tinylith's ghost (novice DDHu)
 11557 | D:9      | Found a viscous altar of Jiyva.
 11582 | D:9      | Found an ornate altar of the Wu Jian Council.
 11635 | D:9      | Reached XP level 11. HP: 79/79 MP: 15/15
 11644 | D:9      | Reached skill level 17 in Polearms
 11788 | D:9      | Found a white marble altar of Elyvilon.
 11927 | D:9      | Noticed a moth of wrath
 11930 | D:9      | Found a bloodstained altar of Trog.
 11937 | D:9      | Offered knowledge of Conjure Flame by Vehumet.
 12026 | D:10     | Entered Level 10 of the Dungeon
 12026 | D:10     | Found an ornate altar of the Wu Jian Council.
 12040 | D:10     | Noticed Snorg
 12046 | D:10     | Killed Snorg
 12071 | D:10     | Reached skill level 18 in Polearms
 12691 | D:10     | Noticed Psyche
 12694 | D:10     | Killed Psyche
 12850 | D:10     | Noticed a fire crab
 12860 | D:10     | Killed a fire crab
 12941 | D:10     | Reached **** piety under Vehumet
 13072 | D:10     | Offered knowledge of Irradiate by Vehumet.
 13331 | D:11     | Found a runed translucent door.
 13333 | D:11     | Found a shimmering altar of Xom.
 13333 | D:11     | Noticed OdinFK's ghost (journeyman VSNe)
 13334 | D:11     | Noticed a +2 war axe of chaos
 13368 | D:11     | Reached skill level 19 in Polearms
 14107 | D:11     | Found a staircase to the Orcish Mines.
 14276 | D:11     | Noticed Nergalle
 14286 | D:11     | Killed Nergalle
 14286 | D:11     | Reached ***** piety under Vehumet
 14614 | Lair:1   | Entered Level 1 of the Lair of Beasts
 14623 | Lair:1   | Reached XP level 12. HP: 86/86 MP: 16/16
 14636 | Lair:1   | Reached skill level 20 in Polearms
 14642 | Lair:1   | Offered knowledge of Olgreb's Toxic Radiance by Vehumet.
 14687 | Lair:1   | Found a gate leading to a gauntlet.
 14699 | Gauntlet | Entered a Gauntlet
 14699 | Gauntlet | Found a transporter.
 15068 | Gauntlet | Found a runed translucent gate.
 15068 | Gauntlet | Found a runed translucent gate.
 15077 | Gauntlet | Found a runed translucent gate.
 15079 | Gauntlet | Found a transporter.
 15082 | Gauntlet | Found a transporter.
 15083 | Gauntlet | Found a transporter.
 15091 | Gauntlet | Found a transporter.
 15094 | Gauntlet | Found a transporter.
 15095 | Gauntlet | Found a transporter.
 15105 | Gauntlet | Found a transporter.
 15107 | Gauntlet | Found a transporter.
 15108 | Gauntlet | Found a transporter.
 15116 | Gauntlet | Found a transporter.
 15119 | Gauntlet | Found a transporter.
 15120 | Gauntlet | Found a transporter.
 15125 | Gauntlet | Noticed a blizzard demon
 15128 | Gauntlet | Found a transporter.
 16135 | Gauntlet | Noticed a minotaur
 16150 | Gauntlet | HP: 4/86 [minotaur/silver javelin (26)]
 16152 | Gauntlet | Hit by a silver javelin thrown by a minotaur

Illustrated notes

Levels and vault maps discovered:
D:1:      saegor_arrival_fortress, layout_basic
D:2:      minmay_chambers_of_ones, layout_basic, minmay_tree_intersection,
          uniq_sigmund, uniq_terence, uniq_jessica
D:3:      layout_rooms, uniq_robin
D:4:      layout_gridville, corexii_checkpoint_b
D:5:      layout_basic, overflow_temple_1_default, minmay_temple_entry_poolview,
          cheibrodos_sewer_entry_drain, chequers_hall_statues_wall_a
D:6:      layout_basic
D:7:      layout_basic, kennysheep_little_box, ebering_ghost_gozag,
          minmay_stone_trees_large
D:8:      layout_cave_pools, minmay_lair_entry_grove, st_stairs_5,
          minmay_guarded_unrand_finisher
D:9:      layout_irregular_city, elyvilon_altar_1, tgw_trog,
          nzn_hepliaklqana_mist_gate, grunt_gozag_statues, gammafunk_ghost_ooze,
          basic_altar
D:10:     layout_roguey, basic_altar, kennysheep_boxes, uniq_psyche, uniq_snorg
D:11:     layout_basic, orc_0_dummy, ebering_ghost_xom,
          hangedman_decor_slide_cut, minivault_19, roderic_batcave,
          uniq_nergalle
Temple:   lightli_temple_of_artemis
Lair:1:   layout_hall_layers, gauntlet_entry_generic
Gauntlet: gammafunk_gauntlet_77_escape_option
          [minmay_gauntlet_arena_77_run_for_it,
          minmay_gauntlet_arena_77_squiggly, minmay_gauntlet_arena_77_mess,
          minmay_gauntlet_arena_77_hold_the_fort,
          minmay_gauntlet_arena_77_terracotta_army, gauntlet_exit_green]

Skill      XL: |  1  2  3  4  5  6  7  8  9 10 11 12 |
---------------+-------------------------------------+-----
Ice Magic      | 5 6 8 9 10 | 10.0
Fighting       | 2 4 5 |  5.0
Polearms       | 3 8 12 16 19 20 | 20.6
Spellcasting   | 3 |  3.0
Dodging        | 4 5 6 7 |  7.6
Stealth        | |  2.1

Action                   |  1- 3 |  4- 6 |  7- 9 | 10-12 || total
-------------------------+-------+-------+-------+-------++-------
Melee: Unarmed           |    42 |       |       |       ||    42
       Whip              |    32 |   106 |    17 |       ||   155
       Falchion          |       |     7 |       |       ||     7
       Glaive            |       |       |   359 |    97 ||   456
       Spear             |       |       |    20 |       ||    20
       Tailslap          |       |       |     1 |       ||     1
       Scythe            |       |       |       |   367 ||   367
Throw: Javelin           |     5 |     2 |     2 |       ||     9
       Stone             |       |     2 |       |       ||     2
 Cast: Freeze            |    23 |     8 |     2 |       ||    33
       Frozen Ramparts   |     2 |    16 |    39 |    11 ||    68
       Ozocubu's Armour  |       |       |     4 |     3 ||     7
       Summon Ice Beast  |       |       |    14 |    17 ||    31
  Use: Scroll            |       |     4 |    10 |     2 ||    16
 Stab: Sleeping          |     2 |     1 |     6 |     6 ||    15
       Distracted        |       |     1 |     1 |     2 ||     4
Armor: Robe              |    27 |    19 |   142 |    98 ||   286
       Ring mail         |    18 |    14 |       |       ||    32
       Leather armour    |       |    15 |       |       ||    15
Dodge: Dodged            |    79 |   100 |   295 |   214 ||   688
       Rpst.: Falchion   |       |     5 |       |       ||     5
